 Dungeon Crawl Stone Soup version 0.26.1-2-gb8aa6d0cf2 (webtiles) character file.

Game seed: 8089709105215970941

3864 DasRunzen the Conjurer (level 9, -7/78 HPs)
             Began as a Demigod Conjurer on Feb 8, 2021.
             Mangled by sipior's ghost (22 damage)
             ... on level 8 of the Dungeon.
             The game lasted 00:28:17 (11597 turns).

DasRunzen the Conjurer (Demigod Conjurer)          Turns: 11597, Time: 00:28:18

Health: -7/78      AC:  9    Str: 20    XL:     9   Next: 67%
Magic:  7/20       EV: 16    Int: 23    God:
Gold:   685        SH:  0    Dex: 20    Spells: 6/18 levels left

rFire    . . .     SeeInvis .   A - +7 rapier of Heushruak {drain, rElec Will++ Str+4 Int-2}
rCold    . . .     Faith    .   (no shield)
rNeg     + . .     Spirit   .   a - +1 robe
rPois    .         Reflect  .   k - +2 helmet {Int+3}
rElec    +         Harm     .   (no cloak)
rCorr    .         Rampage  .   s - +2 pair of gloves
Will     ++...                  (no boots)
Stlth    ++........             (no amulet)
HPRegen  0.23/turn              i - ring of positive energy
MPRegen  0.17/turn              x - +6 ring of dexterity

@: mighty, studying Fighting
A: high mp 1
a: no special abilities


You were on level 8 of the Dungeon.
You visited 1 branch of the dungeon, and saw 8 of its levels.

You collected 685 gold pieces.

Inventory:

Hand Weapons
 l - a cursed +4 scimitar of flaming
 m - a +2 great sword of electrocution
 A - the +7 rapier of Heushruak (weapon) {drain, rElec Will++ Str+4 Int-2}
   (You found it on level 8 of the Dungeon)

   A truly terrible weapon, it drains the life of those it strikes.
   It affects your strength (+4).
   It affects your intelligence (-2).
   It insulates you from electricity.
   It affects your willpower, your defense against some magical effects.
Armour
 a - a +1 robe (worn)
 k - a +2 helmet of intelligence (worn)
 s - a +2 pair of gloves (worn)
Jewellery
 i - a ring of positive energy (left hand)
 j - an uncursed amulet of guardian spirit
 x - a +6 ring of dexterity (right hand)
 z - an uncursed ring of see invisible {unknown}
Wands
 c - a wand of polymorph (4)
 d - a wand of enslavement (8)
 y - a wand of acid (7)
Scrolls
 b - a scroll of amnesia
 e - a scroll of fog
 g - 2 scrolls of enchant armour
 h - 5 scrolls of teleportation
 v - 2 scrolls of identify
 B - a scroll of enchant weapon
 C - a scroll of remove curse
 D - a scroll of magic mapping
 E - a scroll of blinking {unknown}
Potions
 f - 3 potions of flight
 o - 3 potions of haste
 p - a potion of curing
 q - 2 potions of ambrosia
 r - a potion of degeneration {unknown}
 t - 2 potions of heal wounds {unknown}
 u - a potion of cancellation {unknown}
Books
 w - a manual of Fighting


   Skills:
 + Level 6.6 Fighting
 + Level 4.2 Long Blades
 + Level 5.3 Armour
 + Level 5.7 Dodging
 - Level 1.7 Stealth
 + Level 5.3 Spellcasting
 + Level 6.6 Conjurations
 + Level 0.0 Air Magic


You had 6 spell levels left.
You knew the following spells:

 Your Spells              Type           Power        Failure   Level
a - Magic Dart            Conj           100%         1%          1
b - Searing Ray           Conj           72%          1%          2
c - Lightning Bolt        Conj/Air       10%          54%         5
d - Airstrike             Air            3%           65%         4

Your spell library contained the following spells:

 Spells                   Type           Power        Failure   Level
 Shock                    Conj/Air       84%          2%          1
 Dazzling Flash           Conj/Hex       42%          7%          3
 Static Discharge         Conj/Air       21%          7%          3
 Beastly Appendage        Tmut           12%          9%          1
 Freeze                   Ice            24%          9%          1
 Swiftness                Air            6%           14%         2
 Wereblood                Tmut           6%           14%         2
 Fulminant Prism          Conj/Hex       10%          22%         4
 Hailstorm                Conj/Ice       21%          22%         4
 Iskenderun's Mystic Bla  Conj/Tloc      21%          22%         4
 Confusing Touch          Hex            6%           26%         3
 Frozen Ramparts          Ice            12%          26%         3
 Gell's Gravitas          Tloc           3%           26%         3
 Ozocubu's Armour         Ice            6%           26%         3
 Spider Form              Tmut/Pois      3%           26%         3
 Ice Form                 Ice/Tmut       6%           65%         4
 Petrify                  Tmut/Erth      6%           65%         4
 Summon Ice Beast         Ice/Summ       6%           65%         4
 Blade Hands              Tmut           3%           94%         5
 Metabolic Englaciation   Hex/Ice        3%           94%         5
 Yara's Violent Unravell  Hex/Tmut       3%           94%         5


Dungeon Overview and Level Annotations

Branches:
Dungeon (8/15)             Temple (0/1) D:5
   Lair: D:8-11

Shops:
D:7 *

Annotations:
D:8 sipior's ghost, novice DDFi


Innate Abilities, Weirdness & Mutations

You have an increased reservoir of magic. (+10% MP)


Message History

The searing ray hits sipior's ghost.
Sipior's ghost is moderately damaged.
Sipior's ghost closely misses you.
The searing ray hits sipior's ghost but does no damage.
Sipior's ghost is moderately damaged.
Sipior's ghost completely misses you.
The searing ray hits sipior's ghost.
Sipior's ghost is moderately damaged.
You finish channeling your searing ray.
Sipior's ghost hits you but does no damage.
You feel very mighty all of a sudden. Sipior's ghost hits you!
* * * LOW HITPOINT WARNING * * *
You puncture sipior's ghost!
Sipior's ghost is heavily damaged.
Sipior's ghost barely misses you.
You puncture sipior's ghost!
Sipior's ghost is heavily damaged.
Sipior's ghost hits you!!
You die...

##.####..# #.# ##..###
#.)......# ##.#
###....######
..######.# ##.##
##...........# .## #.##
##.## ##.............
..# ##.###.##
#..#####...###. ..##
#..##.## #.## ##..# ##
##.#####.....# ##.#
#..# #
##..........#####.##
#.## #(...........W@.##
##.# ##..####......####
##..# ##..##
##........# ###..##
#..## ####'''### #...##
## #...#
#(....(.#####.(## ##.
###.## #..♣....#..##>.#
#.. # ##.##
###....(..#......# #..
#
##.###.#($.....#......#
###
##....#...(.(.#......#


You could see sipior's ghost.

Vanquished Creatures
  Sigmund (D:4)
  6 yaks (D:7)
  2 ice beasts
  2 orc warriors (D:6)
  2 phantoms
  3 ogres
  3 centaurs
  3 bullfrogs
  A scorpion (D:5)
  3 killer bees
  4 wights
  4 howler monkeys
  2 quasits
  A bullfrog zombie (D:5)
  4 orc priests
  2 hounds (D:8)
  A jelly (D:6)
  4 orc wizards
  A bullfrog skeleton (D:6)
  Natasha (thrice) (D:4)
  2 iguanas
  5 worker ants
  A hound zombie (D:5)
  A hound skeleton (D:4)
  A worker ant zombie (D:8)
  2 gnolls (D:5)
  14 adders
  A shadow imp (D:5)
  5 white imps
  An ufetubus (D:5)
  3 oozes
  An adder skeleton (D:6)
  An adder zombie (D:5)
  6 worms
  4 dart slugs
  8 leopard geckos
  20 orcs
  2 ball pythons
  10 bats
  A giant cockroach (D:5)
  8 goblins
  6 hobgoblins
  21 jackals
  3 quokkas
  8 frilled lizards
  14 kobolds
  A quokka skeleton (D:4)
  3 rats
205 creatures vanquished.

Notes
Turn   | Place    | Note
-------+----------+-------------------------------------------
     0 | D:1      | DasRunzen the Demigod Conjurer began the quest for the Orb.
     0 | D:1      | Reached XP level 1. HP: 14/14 MP: 5/5
   215 | D:1      | Reached XP level 2. HP: 22/22 MP: 5/7
   218 | D:1      | Learned a level 2 spell: Searing Ray
   808 | D:1      | Reached XP level 3. HP: 27/27 MP: 2/8
   810 | D:1      | Reached skill level 1 in Fighting
   893 | D:1      | Reached skill level 1 in Armour
  1898 | D:2      | Found a burning altar of Makhleb.
  1900 | D:2      | Noticed a blizzard demon
  1904 | D:2      | Noticed a smoke demon
  1904 | D:2      | Noticed a neqoxec
  2196 | D:2      | Reached XP level 4. HP: 23/35 MP: 10/10
  2584 | D:2      | Found an opulent altar of Gozag.
  2696 | D:3      | Noticed a phantom
  2738 | D:3      | Killed a phantom
  2739 | D:3      | Reached XP level 5. HP: 12/41 MP: 3/11
  3663 | D:3      | Found a faded altar of an unknown god.
  3663 | D:3      | Found a bloodstained altar of Trog.
  3670 | D:3      | Found a shimmering altar of Xom.
  3672 | D:3      | Found a hazy altar of Hepliaklqana.
  3675 | D:3      | Found a faded altar of an unknown god.
  4335 | D:3      | Reached XP level 6. HP: 43/49 MP: 1/13
  4768 | D:4      | Reached XP level 7. HP: 50/56 MP: 6/15
  5068 | D:4      | Noticed Sigmund
  5076 | D:4      | Killed Sigmund
  5234 | D:4      | Noticed Natasha
  5238 | D:4      | Killed Natasha
  5239 | D:4      | Reached skill level 5 in Conjurations
  5846 | D:4      | Reached skill level 1 in Long Blades
  6099 | D:4      | Noticed Natasha
  6114 | D:4      | Killed Natasha
  6118 | D:4      | Noticed Natasha
  6123 | D:4      | Killed Natasha
  6180 | D:5      | Entered Level 5 of the Dungeon
  6740 | D:5      | Found a staircase to the Ecumenical Temple.
  7185 | D:5      | Reached XP level 8. HP: 50/66 MP: 17/17
  7874 | D:6      | Found a blossoming altar of Fedhas.
  9362 | D:6      | Reached skill level 5 in Fighting
  9549 | D:7      | Reached skill level 5 in Dodging
  9583 | D:7      | Reached XP level 9. HP: 63/74 MP: 19/19
  9681 | D:7      | Found Zizul's Assorted Antiques.
  9937 | D:7      | Reached skill level 5 in Spellcasting
  9938 | D:7      | Reached skill level 5 in Armour
 10248 | D:8      | Found a runed translucent gate.
 10248 | D:8      | Found a runed translucent gate.
 10249 | D:8      | Found a runed translucent gate.
 10304 | D:8      | Noticed sipior's ghost (novice DDFi)
 10676 | D:8      | Got a smoking rapier
 10677 | D:8      | Identified the +7 rapier of Heushruak {drain, rElec Will++
                  | Str+4 Int-2} (You found it on level 8 of the Dungeon)
 11090 | D:8      | Found a basalt altar of Yredelemnul.
 11572 | D:8      | Learned a level 5 spell: Lightning Bolt
 11577 | D:8      | Learned a level 4 spell: Airstrike
 11597 | D:8      | Mangled by sipior's ghost

Illustrated notes

Levels and vault maps discovered:
D:1:      giann_horns, layout_basic
D:2:      layout_rooms, grunt_gozag_statues, serial_curves, eino_curves_03,
          eino_curves_04, eino_curves_03, eino_curves_02,
          makhleb_altar_promises_db
D:3:      layout_loops_ring, chequers_temple_overflow_minitemple
D:4:      layout_layer_cave, uniq_sigmund, uniq_natasha
D:5:      lemuel_upstairs_altar, layout_loops_ring, minmay_temple_entry_waves,
          minmay_manual_mandibuliform
D:6:      layout_basic, nicolae_overflow_crystal_walls
D:7:      layout_rooms, serial_shops, shop
D:8:      layout_layer_cave, kennysheep_little_box, ebering_ghost_rock_garden

Skill      XL: |  1  2  3  4  5  6  7  8  9 |
---------------+----------------------------+-----
Dodging        | 2 3 4 5 |  5.7
Spellcasting   | 2 3 4 5 |  5.3
Fighting       | 1 2 3 5 6 |  6.6
Armour         | 1 2 3 4 5 |  5.3
Conjurations   | 4 5 6 |  6.6
Long Blades    | 1 3 4 |  4.2
Stealth        | |  1.7

Action                   |  1- 3 |  4- 6 |  7- 9 || total
-------------------------+-------+-------+-------++-------
Melee: Unarmed           |    15 |       |       ||    15
       Spear             |    51 |   109 |       ||   160
       Great sword       |       |     6 |   267 ||   273
       Rapier            |       |       |    37 ||    37
 Cast: Magic Dart        |    69 |     9 |     5 ||    83
       Searing Ray       |     5 |    19 |    30 ||    54
  Use: Scroll            |     2 |     6 |     8 ||    16
       Potion            |     1 |       |     1 ||     2
 Stab: Sleeping          |     2 |     3 |     6 ||    11
Armor: Robe              |    13 |    22 |   162 ||   197
Dodge: Dodged            |    50 |    93 |   427 ||   570
       Rpst.: Great sword |       |     1 |   118 ||   119
